 Dungeon Crawl Stone Soup version 0.30-a0-879-ga8ba668304 (webtiles) character file.

Game seed: 8054942537620420677

85 Popcorn the Conjurer (level 4, -3/32 HPs)
             Began as a Human Conjurer on Mar 12, 2023.
             Killed from afar by Natasha (19 damage)
             ... with a bolt of dispelling energy
             ... on level 2 of the Dungeon.
             The game lasted 00:08:38 (2541 turns).

Popcorn the Conjurer (Human Conjurer)               Turns: 2541, Time: 00:08:38

Health: -3/32      AC:  6    Str:  7    XL:     4   Next: 75%
Magic:  7/7        EV: 12    Int: 25    God:
Gold:   88         SH:  0    Dex: 13    Spells: 5/8 levels left

rFire   . . .      SeeInvis .    j - +0 short sword
rCold   . . .      Faith    .    (no shield)
rNeg    . . .      Spirit   .    a - +0 robe
rPois   .          Reflect  .    (no helmet)
rElec   .          Rampage  .    k - +2 cloak "Cosueluu" {*Corrode Will++}
rCorr   +                        (no gloves)
Will    ++...                    q - +0 pair of boots
Stlth   ++                       (no amulet)
HPRegen 0.25/turn                c - ring of resist corrosion
MPRegen 0.10/turn                d - +6 ring of intelligence

@: no status effects
A: no striking features
a: no special abilities


You were on level 2 of the Dungeon.
You visited 1 branch of the dungeon, and saw 2 of its levels.

You collected 88 gold pieces.

Inventory:

Hand Weapons
 j - a +0 short sword (weapon)
Armour
 a - a +0 robe (worn)
 k - the +2 cloak "Cosueluu" (worn) {*Corrode Will++}
   (You found it on level 2 of the Dungeon)

   *Corrode:  It may corrode you when you take damage.
   Will:      It greatly increases your willpower.
 q - a +0 pair of boots (worn)
Jewellery
 c - a ring of resist corrosion (left hand)
 d - a +6 ring of intelligence (right hand)
Wands
 f - a wand of polymorph (7)
Scrolls
 e - 3 scrolls of teleportation
Potions
 b - a potion of magic
 g - 2 potions of curing
 h - 2 potions of ambrosia
 i - 3 potions of might
 l - 2 potions of lignification
 m - a potion of degeneration {unknown}
 p - a potion of heal wounds {unknown}


   Skills:
 + Level 1.4 Fighting
 + Level 2.6 Dodging
 - Level 2.0 Stealth
 + Level 2.5 Spellcasting
 * Level 4.8 Conjurations


You had 5 spell levels left.
You knew the following spells:

 Your Spells              Type           Power      Damage    Failure   Level
a - Magic Dart            Conj           100%       1d8       1%          1
b - Searing Ray           Conj           54%        2d6       2%          2

Your spell library contained the following spells:

 Spells                   Type           Power      Damage    Failure   Level
 Apportation              Tloc           6%         N/A       11%         1
 Necrotise                Necr           12%        1d4       11%         1
 Summon Small Mammal      Summ           12%        N/A       11%         1
 Dazzling Flash           Conj/Hex       30%        N/A       12%         3
 Fulminant Prism          Conj/Hex       7%         3d6       36%         4
 Iskenderun's Mystic Bla  Conj/Tloc      15%        2d5       36%         4


Dungeon Overview and Level Annotations

Branches:
Dungeon (2/15)

Altars:

Shops:
D:1 :!((

Annotations:
D:2 Natasha


Message History

You start resting.
HP restored.
You start resting.
Magic restored.
You start waiting.
You feel your willpower return.
A hobgoblin comes into view.
Aiming: Searing Ray (safe; 2% risk of failure)
Press: ? - help, Q - select action, (/) - cycle Shift-Dir - straight line, f - hobgoblin
Aim: a hobgoblin (79% to hit)
The searing ray hits the hobgoblin.
The hobgoblin is heavily wounded. (Press . to maintain the ray.)
The searing ray hits the hobgoblin.
You kill the hobgoblin!
Unknown command.
Okay, then.
You start resting.
Magic restored.
You see here a hobgoblin corpse.
n - 3 scrolls of identify
As you read the scroll of identify, it crumbles to dust.
g - 2 potions of curing
As you read the scroll of identify, it crumbles to dust.
h - 2 potions of ambrosia
As you read the scroll of identify, it crumbles to dust.
l - 2 potions of lignification Unknown command.
Natasha hisses angrily.
Natasha zaps a wand.
The bolt of dispelling energy hits you!
Ouch! That really hurt!
Press: ? - help, v - describe, . - travel The floor.
Press: ? - help, v - describe, . - travel
Here: Natasha, carrying a wand of quicksilver (4)
The floor.
Natasha zaps a wand.
The bolt of dispelling energy hits you!!
Ouch! That really hurt!
You die...

#..#..#..........#..###.###.....
##.#..........##......#.####...#
#.#..........#######...........
#............).................
#.....<......#######.....#.....
#............### ##.......##..
#..............# #..........#.
#..............####.#..#####.##
###........###@..##....# #..#
#..#.....####......#.## ##..
#..##.....# ##........#######
##..##.....####...........## #
#..##..................##..###
#.....####....#...............
#...#### ###.............#####
#... #........^.h..#.## ....
#...............#..###


You could see Natasha.

Vanquished Creatures
  Natasha (D:2)
  Robin (D:2)
  2 worms
  A dart slug (D:1)
  3 endoplasms (D:1)
  A giant cockroach (D:1)
  11 goblins
  3 hobgoblins
  3 jackals (D:2)
  A quokka (D:1)
  3 ball pythons
  A bat (D:1)
  5 frilled lizards (D:1)
  3 kobolds
  4 rats
43 creatures vanquished.

Notes
Turn   | Place    | Note
-------+----------+-------------------------------------------
     0 | D:1      | Popcorn the Human Conjurer began the quest for the Orb.
     0 | D:1      | Reached XP level 1. HP: 13/13 MP: 3/3
    18 | D:1      | Found Etarr's Book Shop.
   296 | D:1      | Found Fik Qownuba's Antique Weapon Shop.
   298 | D:1      | Found Nasaut's Distillery.
   304 | D:1      | Reached XP level 2. HP: 20/20 MP: 0/5
   704 | D:1      | Reached XP level 3. HP: 25/25 MP: 4/6
   730 | D:1      | Found Fiocann's Weapon Shoppe.
   985 | D:2      | Found Eheb Dau's Assorted Antiques.
   994 | D:2      | Noticed Sigmund
   998 | D:2      | Noticed Natasha
  1013 | D:1      | Learned a level 2 spell: Searing Ray
  1079 | D:2      | Noticed Robin
  1130 | D:2      | Identified the +2 cloak "Cosueluu" {*Corrode Will++}
  1164 | D:2      | Killed Natasha
  1165 | D:2      | Reached skill level 1 in Fighting
  1179 | D:2      | Noticed Natasha
  1184 | D:2      | HP: 1/26 [Natasha/magic dart (5)]
  1405 | D:1      | Reached XP level 4. HP: 32/32 MP: 4/7
  1950 | D:2      | Killed Robin
  2334 | D:2      | Sigmund changed into Sigmund the worm
  2334 | D:2      | Noticed Sigmund
  2337 | D:2      | Killed Sigmund the worm
  2541 | D:2      | Killed from afar by Natasha

Illustrated notes

Levels and vault maps discovered:
D:1:      nzn_arrival_crosshair, layout_loops_ring, serial_shops, shop, shop,
          shop, shop, minmay_misc_feat_x, dk_noncrumbling_4, st_stairs_11
D:2:      layout_rooms, serial_shops,
          nicolae_shop_temple_entry_statues_fountains, uniq_natasha,
          uniq_sigmund, uniq_robin

Skill      XL: |  1  2  3 |
---------------+----------+-----
Fighting       | 1 |  1.4
Dodging        | |  2.6
Stealth        | |  2.0
Spellcasting   | |  2.5
Conjurations   | |  4.8

Action                     |  1- 3 |  4- 6 || total
---------------------------+-------+-------++-------
  Melee: Short sword       |     6 |    18 ||    24
         Unarmed           |     1 |       ||     1
         Punch             |       |     1 ||     1
   Cast: Magic Dart        |    37 |       ||    37
         Searing Ray       |     1 |    14 ||    15
  Evoke: Wand              |       |     1 ||     1
    Use: Scroll            |     1 |     7 ||     8
 Armour: Robe              |     3 |    10 ||    13
  Dodge: Dodged            |     9 |    37 ||    46

Table legend: (Time is in decaauts)
 A = Elapsed time spent in this place.
 B = Non-inter-level travel time spent in this place.
 C = Inter-level travel time spent in this place.
 D = Time resting spent in this place.
 E = Time spent auto-exploring this place.
 F = Levels seen in this place.
 G = Mean time per level.
                   A        B        C        D        E       F      G
               +--------+--------+--------+--------+--------+-----+--------+
         Total |   2548 |   2339 |    209 |    987 |    951 |   2 | 1274.0 |
       Dungeon |   2548 |   2339 |    209 |    987 |    951 |   2 | 1274.0 |
               +--------+--------+--------+--------+--------+-----+--------+

Top non-repeatable levels by time:
     D:1: 2027 daAuts
     D:2: 521 daAuts
